 Dungeon Crawl Stone Soup version 0.21-a0-95-g06f091e (webtiles) character file.

319 MatthieuS the Archer (level 6, -9/48 HPs)
             Began as a Centaur Hunter on July 4, 2017.
             Engulfed by a cloud of flame (29 damage)
             ... on level 5 of the Dungeon.
             The game lasted 00:10:59 (4162 turns).

MatthieuS the Archer (Centaur Hunter)               Turns: 4162, Time: 00:10:59

Health: -9/48      AC:  9    Str: 14    XL:     6   Next: 21%
Magic:  15/15      EV:  8    Int: 10    God:
Gold:   203        SH:  0    Dex: 12    Spells: 5/5 levels left

rFire    . . .     SeeInvis .   p - -2 blowgun (curse)
rCold    . . .     Gourm    .   (no shield)
rNeg     . . .     Faith    .   j - +0 ring mail
rPois    .         Spirit   .   (helmet restricted)
rElec    .         Reflect  .   (no cloak)
rCorr    .         Harm     .   b - +1 pair of gloves
MR       .....                  (no barding)
Stlth    ..........             (no amulet)
HPRegen  0.16/turn              h - ring of magical power
MPRegen  0.14/turn              (no ring)

@: very quick
A: hooves 3, horns 1, thin metallic scales 1, deformed body, speed 2, tough skin
3
a: no special abilities


You were on level 5 of the Dungeon.
You were hungry.

You visited 1 branch of the dungeon, and saw 5 of its levels.

You collected 203 gold pieces.

Inventory:

Hand Weapons
 a - a +0 short sword
 p - a cursed -2 blowgun (weapon)
 w - a +1 shortbow
Missiles
 d - 63 arrows
 q - a curare-tipped needle (quivered)
Armour
 b - a +1 pair of gloves (worn)
 j - a +0 ring mail (worn)
Jewellery
 h - a ring of magical power (left hand)
Scrolls
 c - a scroll of identify
 n - a scroll of remove curse {unknown}
Potions
 e - a potion of flight {unknown}
 g - a potion of heal wounds {unknown}
 l - a potion of ambrosia {unknown}
 m - 3 potions of curing
 o - a potion of berserk rage {unknown}
Comestibles
 f - 8 bread rations
 i - a meat ration
 k - a fruit


   Skills:
 - Level 2.0 Fighting
 * Level 9.8 Bows
 - Level 1.3 Dodging
 - Level 0.4 Stealth


You had 5 spell levels left.
You didn't know any spells.

Dungeon Overview and Level Annotations

Branches:
Dungeon (5/15)
 Temple: D:4-7

Altars:
Wu Jian

Annotations:
D:4 Eustachio


Innate Abilities, Weirdness & Mutations

You have hooves in place of feet.
Armour fits poorly on your strangely shaped body.
You cover ground very quickly.
You have extremely tough skin. (AC +3)
You have a pair of small horns on your head.
You are partially covered in thin metallic scales. (AC +2)


Message History

Press: ? - help, Shift-Dir - straight line, f - quokka
Aim: a quokka (inner flame)
You shoot a curare-tipped needle.
The curare-tipped needle closely misses the quokka.
The curare-tipped needle closely misses the ball python.
The quokka barely misses you.
Firing (i - inventory):
q - 2 curare-tipped needles (quivered)
Press: ? - help, Shift-Dir - straight line, f/p - quokka
Aim: a quokka (inner flame)
You shoot a curare-tipped needle.
The curare-tipped needle hits the quokka.
The quokka is poisoned.
The quokka convulses.
The quokka explodes!
The fiery explosion engulfs you!
Ouch! That really hurt!
The fiery explosion engulfs the ball python.
You kill the ball python!
You are engulfed in blazing flames.
Ouch! That really hurt!
You die...

## ##.. #... #..# . #####
#..# ... #... ....
.....######.#########..#
.......@(ยง....(........#
.(...################.##
.$. #... . #### # # ###
#.. #.#


There were no monsters in sight!

Vanquished Creatures
  Sigmund (D:2)
  6 gnolls (D:2)
  4 adders (D:2)
  4 worms
  A dart slug (D:1)
  A leopard gecko (D:3)
  5 bats
  2 giant cockroaches (D:1)
  8 hobgoblins
  7 jackals
  5 kobolds
  A quokka (D:5)
  A ball python (D:5)
  A frilled lizard (D:1)
  5 goblins
  8 rats
60 creatures vanquished.

Notes
Turn   | Place    | Note
-------+----------+-------------------------------------------
     0 | D:1      | MatthieuS the Centaur Hunter began the quest for the Orb.
     0 | D:1      | Reached XP level 1. HP: 17/17 MP: 1/1
   307 | D:1      | Reached XP level 2. HP: 17/24 MP: 2/2
   314 | D:1      | Reached skill level 6 in Bows
  1023 | D:2      | Reached XP level 3. HP: 22/29 MP: 3/3
  1227 | D:2      | Reached skill level 7 in Bows
  1715 | D:2      | Reached XP level 4. HP: 32/36 MP: 4/4
  1858 | D:2      | Reached skill level 8 in Bows
  2414 | D:2      | Noticed Sigmund
  2415 | D:2      | Found an ornate altar of the Wu Jian Council.
  2435 | D:2      | Killed Sigmund
  2435 | D:2      | Reached skill level 9 in Bows
  2435 | D:2      | Reached XP level 5. HP: 28/41 MP: 5/5
  2435 | D:2      | Reached XP level 6. HP: 33/48 MP: 6/6
  2437 | D:2      | Gained mutation: You are partially covered in thin metallic scales. (AC +2) [potion of mutation]
  2437 | D:2      | Gained mutation: You have a pair of small horns on your head. [potion of mutation]
  3898 | D:4      | Noticed Eustachio
  4100 | D:5      | Entered Level 5 of the Dungeon
  4162 | D:5      | Engulfed by a cloud of flame

Vault maps used:
D:1:      minmay_arrival_solitary_statue, minmay_misc_feat_x
D:2:      lemuel_round_altar, first_bread, due_unseen_surprise, uniq_sigmund
D:3:      ashenzari_conservatory_becter, roderic_bipointed_swastika,
          grunt_decor_fettered, uniq_natasha
D:4:      nicolae_ru_path_of_blood, uniq_eustachio
D:5:      uniq_menkaure

Skill      XL: |  1  2  3  4 |
---------------+-------------+-----
Bows           | 6 7 9 |  9.8
Fighting       | |  2.0
Dodging        | |  1.3
Stealth        | |  0.4

Action                   |  1- 3 |  4- 6 || total
-------------------------+-------+-------++-------
Melee: Short sword       |    92 |    67 ||   159
       Kick              |    16 |    18 ||    34
       Headbutt          |       |     4 ||     4
 Fire: Shortbow          |     3 |    46 ||    49
       Blowgun           |       |    23 ||    23
  Use: Potion            |       |     3 ||     3
       Scroll            |       |     6 ||     6
  Eat: Chunk             |     2 |     5 ||     7
Armor: Leather armour    |    36 |       ||    36
       Skin              |       |    18 ||    18
       Ring mail         |       |    59 ||    59
Dodge: Dodged            |    43 |    51 ||    94
